 Dungeon Crawl Stone Soup version 0.32-a0-471-gb91d5d9 (webtiles) character file.

Game seed: 15989462944822844769

21 Dorkslayer the Slasher (level 2, -1/22 HPs)
             Began as a Coglin Gladiator on Feb 25, 2024.
             Slain by Natasha (7 damage)
             ... on level 2 of the Dungeon.
             The game lasted 00:02:00 (989 turns).

Dorkslayer the Slasher (Coglin Gladiator)            Turns: 989, Time: 00:02:01

Health: -1/22      AC: 11    Str: 14    XL:     2   Next: 87%
Magic:  2/2        EV:  4    Int:  7    God:
Gold:   71         SH:  0    Dex: 15    Spells: 1/1 levels left

rFire   . . .        a - +0 long sword {Thatsani}
rCold   . . .        l - +0 whip (drain) {Kaede}
rNeg    . . .        g - +0 plate armour
rPois   .            c - +0 helmet
rElec   .            (no cloak)
rCorr   .            (no gloves)
SInv    .            (no boots)
Will    .....        b - amulet of magic regeneration Stlth
                     (ring unavailable)
HPRegen 0.23/turn    (ring unavailable)
MPRegen 0.48/turn

%: no passive effects
@: slowed, revved, very slow
A: off-hand wielding, slow wielding, warmup strikes, no rings
a: no special abilities


You were on level 2 of the Dungeon.
You visited 1 branch of the dungeon, and saw 2 of its levels.

You collected 71 gold pieces.

Inventory:

Hand Weapons
 a - a +0 long sword (weapon) {Thatsani}
 l - a +0 whip of draining (offhand) {Kaede}
Missiles
 d - 3 throwing nets (quivered)
 e - a javelin
Armour
 c - a +0 helmet (worn)
 g - a +0 plate armour (worn)
Jewellery
 b - an amulet of magic regeneration (around neck)
Scrolls
 f - a scroll of fear {unknown}
Potions
 i - a potion of curing {unknown}
 j - a potion of invisibility {unknown}
 k - a potion of haste {unknown}


   Skills:
 + Level 2.2 Fighting
 + Level 3.3 Long Blades
 + Level 1.7 Throwing
 * Level 0.2 Armour
 + Level 3.1 Dodging


You had one spell level left.
You didn't know any spells.
Your spell library contained the following spells:

 Spells                   Type           Power      Damage    Failure   Level
 Sting                    Conj/Alch      0%         1d3       100%        1
 Mercury Vapours          Alch/Air       0%         N/A       100%        2
 Summon Ice Beast         Ice/Summ       0%         N/A       100%        3
 Olgreb's Toxic Radiance  Alch           0%         N/A       100%        4
 Summon Mana Viper        Hex/Summ       0%         N/A       100%        5
 Monstrous Menagerie      Summ           0%         N/A       100%        7


Dungeon Overview and Level Annotations

Branches:
Dungeon (2/15)

Altars:

Shops:
D:1 [

Annotations:
D:2 Natasha


Innate Abilities, Weirdness & Mutations

You can wield a second weapon in your off-hand.
It takes a long time for you to wield or remove held weapons.
Your first few attacks do less damage.
Your grasper-arms cannot wear rings.


Message History

You start removing your armour.
You continue removing your +0 chain mail. x4
You finish removing your +0 chain mail.
You start putting on your armour.
You continue putting on your +0 plate armour. x5
You finish putting on your +0 plate armour.
You drop a +0 chain mail.
You see here a +0 chain mail.
Natasha and a quokka come into view.
Natasha wildly gestures.
You feel troubled. The quokka bites you.
You completely miss the quokka with your +0 whip of draining.
You hit the quokka with your +0 long sword.
You kill the quokka!
Natasha stares at you and mumbles some strange words.
You feel yourself slow down.
You closely miss Natasha with your +0 whip of draining.
You hit Natasha with your +0 long sword.
Natasha claws you.
You closely miss Natasha with your +0 whip of draining.
Natasha is moderately wounded.
You hit Natasha with your +0 long sword.
Natasha claws you but does no damage. Natasha claws you.
You hit Natasha with your +0 whip of draining.
Natasha is heavily wounded.
You closely miss Natasha with your +0 long sword.
Natasha casts a spell at you. You resist with significant effort.
Natasha claws you but does no damage.
You closely miss Natasha with your +0 whip of draining.
Natasha is heavily wounded.
You barely miss Natasha with your +0 long sword.
Natasha claws you.
You closely miss Natasha with your +0 long sword.
Natasha is heavily wounded.
You hit Natasha but do no damage. Natasha claws you!
* * * LOW HITPOINT WARNING * * *
Natasha claws you!
You die...
Natasha curls up and begins to purr.

#.......#########
#####..†#
#####...#
#.....[.#
#.###.#.########
#.#.........
#.########## #.#
#@#
#......h......
#...#..#.....#
##. .....###.# #
#.### # .. ##. #.


You could see Natasha.

Vanquished Creatures
  A dart slug (D:1)
  5 ball pythons (D:1)
  2 endoplasms (D:1)
  3 giant cockroaches (D:1)
  A kobold (D:2)
  A quokka (D:2)
  2 bats
  A frilled lizard (D:1)
  A rat (D:1)
17 creatures vanquished.

Notes
Turn   | Place    | Note
-------+----------+-------------------------------------------
     0 | D:1      | Dorkslayer the Coglin Gladiator began the quest for the
                  | Orb.
     0 | D:1      | Reached XP level 1. HP: 16/16 MP: 1/1
   332 | D:1      | Reached XP level 2. HP: 22/22 MP: 2/2
   371 | D:1      | Found Ytibim's Armour Shoppe.
   981 | D:2      | Noticed Natasha
   989 | D:2      | Slain by Natasha

Illustrated notes

Levels and vault maps discovered:
D:1:      ncdulo_smallfort, layout_basic, serial_shops, nicolae_shop_crystal
D:2:      layout_loops_ring, minmay_heptomino_o4, uniq_natasha,
          uniq_crazy_yiuf_cottage, uniq_sigmund

Skill      XL: |  1 |
---------------+----+-----
Dodging        | 3 |  3.1
Fighting       | |  2.2
Long Blades    | |  3.3
Throwing       | |  1.7
Armour         | |  0.2

Action                     || total
---------------------------++-------
  Melee: Long sword        ||    41
         Mace              ||     5
         Whip              ||    17
 Armour: Leather armour    ||    11
         Chain mail        ||    19
         Plate armour      ||     8
  Dodge: Dodged            ||    23

Table legend: (Time is in decaauts)
 A = Elapsed time spent in this place.
 B = Non-inter-level travel time spent in this place.
 C = Inter-level travel time spent in this place.
 D = Time resting spent in this place.
 E = Time spent auto-exploring this place.
 F = Levels seen in this place.
 G = Mean time per level.
                   A        B        C        D        E       F      G
               +--------+--------+--------+--------+--------+-----+--------+
         Total |    999 |    999 |      0 |      0 |    746 |   2 |  499.5 |
       Dungeon |    999 |    999 |      0 |      0 |    746 |   2 |  499.5 |
               +--------+--------+--------+--------+--------+-----+--------+

Top non-repeatable levels by time:
     D:1: 921 daAuts
     D:2: 78 daAuts
